[Event "Winter Malopolska Cup Master 2022"]
[Site "Krakow"]
[Date "2022.01.18"]
[Round "6.5"]
[White "Klementys, Jerzy"]
[Black "Szopa, Emilia"]
[Result "0-1"]
[ECO "E94"]
[WhiteElo "1564"]
[BlackElo "1588"]
[Annotator "NA RC"]
[PlyCount "94"]
[EventDate "2022.01.15"]
[EventType "swiss"]
[EventCountry "POL"]
[SourceTitle "playchess.com"]
[Source "ChessBase"]
[SourceQuality "1"]
[TimeControl "5400+30"]

1. d4 Nf6 2. c4 g6 3. Nc3 Bg7 4. e4 d6 5. Nf3 O-O 6. Be2 e5 7. O-O a5 8. Bg5 h6 9. Bh4 Qe8 10. dxe5 dxe5 11. Qc2 c6 12. Rad1 Na6 13. a3 g5 14. Bg3 Nh5 15. Bxe5 Bxe5 16. Nxe5 Qxe5 17. Bxh5 g4 18. Bxg4 Bxg4 19. f3 Be6 20. f4 Qc5+ 21. Kh1 Rad8 22. Rde1 Bxc4 23. Rf3 Rd6 24. f5 Rfd8 25. Qc1 Qe5 26. Qe3 Nc5 27. f6 Kh7 28. Rf5 Qd4 29. Qxd4 Rxd4 30. Rxc5 a4 31. Nxa4 Rxe4 32. Rc1 Rd2 33. Nc3 Rf4 34. g3 Rfd4 35. b4 Be6 36. Re5 Rb2 37. Re2 Rb3 38. Nb1 Bf5 39. Ree1 Rb2 40. Kg1 Rd6 41. Rf1 Be4 42. Rfe1 Bf5 43. h4 Rd3 44. Rc3 Rxb1 45. Rxd3 Rxe1+ 46. Kf2 Bxd3 47. Kxe1 Kg6 0-1

[Event "Winter Malopolska Cup Master 2022"]
[Site "Krakow"]
[Date "2022.01.18"]
[Round "6.6"]
[White "Kania, Franciszek"]
[Black "Tokarz, Izabela"]
[Result "0-1"]
[ECO "B76"]
[WhiteElo "1528"]
[BlackElo "1728"]
[Annotator "NA RC"]
[PlyCount "122"]
[EventDate "2022.01.15"]
[EventType "swiss"]
[EventCountry "POL"]
[SourceTitle "playchess.com"]
[Source "ChessBase"]
[SourceQuality "1"]
[TimeControl "5400+30"]

1. e4 c5 2. Nf3 d6 3. d4 cxd4 4. Nxd4 Nf6 5. Nc3 g6 6. f3 Bg7 7. Be3 O-O 8. Bc4 Nc6 9. Bb3 Bd7 10. Qd2 Rc8 11. O-O-O Nxd4 12. Bxd4 b5 13. Nd5 Nxd5 14. Bxg7 Kxg7 15. Bxd5 Rc5 16. h4 h5 17. g4 Rh8 18. Qf4 Be6 19. Bxe6 fxe6 20. gxh5 Rcxh5 21. Qg4 e5 22. Rdg1 Qe8 23. Qe6 Qf7 24. Qd7 a6 25. Rg4 R8h6 26. f4 exf4 27. Rf1 f3 28. Rg3 f2 29. Rg2 Qf4+ 30. Kb1 Qxe4 31. Rgxf2 Rf5 32. Rxf5 gxf5 33. Qe8 Rxh4 34. a4 Rh1 35. Rxh1 Qxh1+ 36. Ka2 Qd5+ 37. b3 Qe5 38. a5 b4 39. Qd8 Qe2 40. Kb2 f4 41. Qd7 Kf6 42. Qe8 Qe5+ 43. Kb1 Qe1+ 44. Ka2 Qc3 45. Qf8+ Ke6 46. Qg8+ Kd7 47. Qg4+ Kc7 48. Qf5 Qe5 49. Qf8 Qxa5+ 50. Kb1 Qe5 51. Qa8 a5 52. Qa7+ Kc6 53. Qa8+ Kd7 54. Qb7+ Ke6 55. Qc8+ Kf7 56. Qg4 Qf6 57. Qh5+ Kf8 58. Qxa5 f3 59. Qb5 f2 60. Qf1 Qf3 61. c3 Qe3 0-1

[Event "Winter Malopolska Cup Master 2022"]
[Site "Krakow"]
[Date "2022.01.19"]
[Round "8.1"]
[White "Golenia, Wojciech"]
[Black "Szopa, Emilia"]
[Result "1-0"]
[ECO "A22"]
[WhiteElo "2059"]
[BlackElo "1588"]
[Annotator "ChessBase"]
[PlyCount "133"]
[EventDate "2022.01.15"]
[EventType "swiss"]
[EventCountry "POL"]
[SourceTitle "playchess.com"]
[Source "ChessBase"]
[SourceQuality "1"]
[TimeControl "5400+30"]

1. c4 e5 2. Nc3 Nf6 3. g3 c6 4. d4 exd4 5. Qxd4 d5 6. Bg2 dxc4 7. Qxc4 Be6 8. Qa4 Bd6 9. Nf3 h6 10. O-O O-O 11. Rd1 Qe7 12. Nd4 Bd7 13. Qc2 Bc7 14. Nf5 Qc5 15. e4 Bxf5 16. exf5 Nbd7 17. Be3 Qe7 18. Re1 Qd8 19. Rad1 Bb6 20. Bf4 Re8 21. Ne4 Nxe4 22. Bxe4 Qc8 23. Bf3 Nf6 24. Be5 Nd5 25. b3 Ba5 26. Re2 Nb4 27. Qb1 Bc7 28. Bb2 Rxe2 29. Bxe2 Qe8 30. Re1 Nd5 31. f6 Ba5 32. fxg7 Bxe1 33. Qxe1 Qe4 34. Qd2 Re8 35. Qxh6 Qh7 36. Qd2 f6 37. Bf3 Qxg7 38. h4 Qe7 39. Kg2 Rd8 40. Qc2 Qg7 41. Qe4 Ne7 42. Bh5 Nd5 43. Bf3 Ne7 44. h5 Re8 45. Qe6+ Qf7 46. Qg4+ Qg7 47. Qd7 Qf7 48. Qxb7 Qe6 49. Qxa7 Nf5 50. Qc5 Rc8 51. Qc3 Kf7 52. Qb4 Rg8 53. a4 c5 54. Qf4 Nd6 55. Bxf6 Rf8 56. Be5+ Ke8 57. Qe3 Nf5 58. Qxc5 Ne7 59. a5 Rxf3 60. Kxf3 Qf5+ 61. Kg2 Qe4+ 62. Kh2 Qg4 63. Bf6 Nf5 64. Qc8+ Kf7 65. Qc4+ Qxc4 66. bxc4 Kxf6 67. a6 1-0

[Event "Winter Malopolska Cup Master 2022"]
[Site "Krakow"]
[Date "2022.01.19"]
[Round "8.2"]
[White "Saraev, Yaroslav"]
[Black "Trybus, Daniel"]
[Result "0-1"]
[ECO "E70"]
[WhiteElo "1922"]
[BlackElo "2067"]
[Annotator "ChessBase"]
[PlyCount "92"]
[EventDate "2022.01.15"]
[EventType "swiss"]
[EventCountry "POL"]
[SourceTitle "playchess.com"]
[Source "ChessBase"]
[SourceQuality "1"]
[TimeControl "5400+30"]

1. d4 Nf6 2. c4 g6 3. Nc3 Bg7 4. e4 d6 5. Nge2 O-O 6. Ng3 c5 7. d5 e6 8. Be2 exd5 9. cxd5 Nbd7 10. O-O Re8 11. f4 h5 12. Bf3 a6 13. a4 c4 14. Be3 Qc7 15. h4 Nc5 16. f5 Nd3 17. Qd2 Ne5 18. Bg5 Nfg4 19. Bxg4 Nxg4 20. f6 Bf8 21. Kh1 Rb8 22. Nd1 b5 23. Nf2 Kh7 24. Nxg4 Bxg4 25. axb5 axb5 26. Ra6 Ra8 27. Rc6 Qa7 28. Be3 Qd7 29. Qf2 Rec8 30. Rb6 Rab8 31. Ra6 b4 32. Ra7 Rc7 33. Rc1 Rbc8 34. Nf1 Rxa7 35. Bxa7 Qa4 36. Bd4 Qb3 37. Nh2 Bh6 38. Ra1 c3 39. Nxg4 hxg4 40. h5 c2 41. hxg6+ fxg6 42. Ra7+ Kg8 43. f7+ Kf8 44. Qf6 c1=Q+ 45. Bg1 Qxg1+ 46. Kxg1 Qe3+ 0-1

[Event "Winter Malopolska Cup Master 2022"]
[Site "Krakow"]
[Date "2022.01.19"]
[Round "8.3"]
[White "Kyc, Jerzy"]
[Black "Nowak, Maciej"]
[Result "1-0"]
[ECO "C04"]
[WhiteElo "2250"]
[BlackElo "2005"]
[Annotator "ChessBase"]
[PlyCount "73"]
[EventDate "2022.01.15"]
[EventType "swiss"]
[EventCountry "POL"]
[SourceTitle "playchess.com"]
[Source "ChessBase"]
[SourceQuality "1"]
[TimeControl "5400+30"]

1. e4 e6 2. d4 d5 3. Nd2 Nc6 4. Ngf3 Nf6 5. e5 Nd7 6. Be2 f6 7. exf6 Qxf6 8. Nf1 e5 9. dxe5 Ndxe5 10. Ng3 Bd6 11. O-O O-O 12. Qxd5+ Be6 13. Qe4 Rae8 14. Ng5 Ng6 15. Nxe6 Rxe6 16. Bc4 Rfe8 17. Qf5 Kf8 18. Bxe6 Rxe6 19. Qxf6+ gxf6 20. Bh6+ Kf7 21. Rfe1 Be5 22. c3 Na5 23. Rad1 Re7 24. Nf5 Re6 25. Rd7+ Ke8 26. Rxh7 Bxh2+ 27. Kf1 Rxe1+ 28. Kxe1 Be5 29. g3 Nc4 30. f4 Bd6 31. Nxd6+ Nxd6 32. Rxc7 Nf5 33. Bg7 Nxg3 34. Bxf6 Nxf4 35. Rxb7 Nd3+ 36. Kd1 Ne4 37. Bd4 1-0

[Event "Winter Malopolska Cup Master 2022"]
[Site "Krakow"]
[Date "2022.01.19"]
[Round "8.4"]
[White "Mirski, Michal"]
[Black "Kania, Franciszek"]
[Result "1/2-1/2"]
[ECO "B38"]
[WhiteElo "2039"]
[BlackElo "1528"]
[Annotator "ChessBase"]
[PlyCount "88"]
[EventDate "2022.01.15"]
[EventType "swiss"]
[EventCountry "POL"]
[SourceTitle "playchess.com"]
[Source "ChessBase"]
[SourceQuality "1"]
[TimeControl "5400+30"]

1. e4 c5 2. Nf3 g6 3. d4 cxd4 4. Nxd4 Bg7 5. c4 Nc6 6. Be3 Nf6 7. Nc3 O-O 8. Be2 d6 9. O-O Bd7 10. f3 Nxd4 11. Bxd4 a5 12. Nd5 Nxd5 13. cxd5 a4 14. Bxg7 Kxg7 15. Qd4+ f6 16. a3 Qa5 17. Rac1 Rac8 18. Kf2 Bb5 19. Bxb5 Qxb5 20. Qb4 Qxb4 21. axb4 Kf7 22. Ke3 b5 23. Kd4 e5+ 24. dxe6+ Kxe6 25. h4 f5 26. exf5+ gxf5 27. Rfe1+ Kd7 28. Rc3 Rxc3 29. bxc3 Rg8 30. Re2 Kc6 31. Rd2 Re8 32. c4 f4 33. cxb5+ Kxb5 34. Kc3 Re3+ 35. Kb2 Kxb4 36. Rd4+ Kb5 37. Rxf4 Re2+ 38. Ka3 Re3+ 39. Kb2 Re2+ 40. Ka3 Re3+ 41. Kb2 Re2+ 42. Ka3 Rxg2 43. Rxa4 Ra2+ 44. Kxa2 Kxa4 1/2-1/2

[Event "Winter Malopolska Cup Master 2022"]
[Site "Krakow"]
[Date "2022.01.19"]
[Round "8.5"]
[White "Owoc, Jakub"]
[Black "Tokarz, Izabela"]
[Result "0-1"]
[ECO "B76"]
[WhiteElo "1701"]
[BlackElo "1728"]
[Annotator "NA"]
[PlyCount "116"]
[EventDate "2022.01.15"]
[EventType "swiss"]
[EventCountry "POL"]
[SourceTitle "playchess.com"]
[Source "ChessBase"]
[SourceQuality "1"]
[TimeControl "5400+30"]

1. e4 c5 2. Nf3 d6 3. d4 cxd4 4. Nxd4 Nf6 5. Nc3 g6 6. Be3 Bg7 7. f3 O-O 8. Qd2 Nc6 9. O-O-O d5 10. Nxc6 bxc6 11. Bh6 Be6 12. Bxg7 Kxg7 13. h4 h5 14. Be2 dxe4 15. Qxd8 Rfxd8 16. Nxe4 Nxe4 17. fxe4 Rdb8 18. b3 a5 19. Rd3 Rb4 20. Bf3 c5 21. Rc3 Rc8 22. Rd1 c4 23. Kb2 cxb3 24. cxb3 Rcb8 25. Rdd3 a4 26. Re3 Kf6 27. g3 Kg7 28. Bd1 Rd8 29. Bc2 axb3 30. axb3 f6 31. Ka3 Rdd4 32. Re2 Rb5 33. Kb2 Kf7 34. Kc1 Re5 35. Rd2 Rb4 36. Kb2 g5 37. hxg5 Rxg5 38. Rf3 Bc8 39. Kc3 Rb6 40. Rd4 Bb7 41. Bd3 Re5 42. b4 Kg7 43. b5 Bc8 44. Kb4 Rb8 45. Be2 Bg4 46. Rf2 Bxe2 47. Rxe2 Rexb5+ 48. Kc4 Rb4+ 49. Kd3 Rb3+ 50. Kd2 Rxg3 51. Ke1 Rb5 52. Kf2 Rbg5 53. Re1 h4 54. Rh1 h3 55. e5 Rg2+ 56. Kf1 Rf5+ 57. Ke1 Rxe5+ 58. Kd1 Ra5 0-1

[Event "Winter Malopolska Cup Master 2022"]
[Site "Krakow"]
[Date "2022.01.19"]
[Round "8.6"]
[White "Klementys, Jerzy"]
[Black "Czaplak, Lukasz"]
[Result "0-1"]
[ECO "D66"]
[WhiteElo "1564"]
[BlackElo "1877"]
[Annotator "NA"]
[PlyCount "105"]
[EventDate "2022.01.15"]
[EventType "swiss"]
[EventCountry "POL"]
[SourceTitle "playchess.com"]
[Source "ChessBase"]
[SourceQuality "1"]
[TimeControl "5400+30"]

1. d4 d5 2. c4 e6 3. Nc3 Nf6 4. Bg5 Nbd7 5. e3 Be7 6. Nf3 c6 7. Rc1 O-O 8. Bd3 dxc4 9. Bxc4 b5 10. Bd3 Bb7 11. O-O a6 12. e4 c5 13. e5 Nd5 14. Bxe7 Qxe7 15. dxc5 Nxc5 16. Nxd5 Bxd5 17. Bb1 g6 18. Re1 Rfd8 19. Qe2 Rac8 20. b3 Nd7 21. Be4 Rxc1 22. Rxc1 Qa3 23. Rc2 Bxe4 24. Qxe4 Nc5 25. Qe2 Rd5 26. h3 Kg7 27. Qe3 Qb4 28. g3 h6 29. Kg2 a5 30. Nh2 Qe4+ 31. Qxe4 Nxe4 32. Nf3 b4 33. h4 Nc3 34. Rd2 Kf8 35. Rxd5 exd5 36. Nd4 Nxa2 37. Nc6 a4 38. Nxb4 Nxb4 39. bxa4 Ke7 40. f4 Ke6 41. Kf3 h5 42. a5 Kf5 43. Ke3 Nc6 44. a6 Kg4 45. Kf2 d4 46. Kg2 d3 47. Kf2 d2 48. Ke2 Kxg3 49. Kxd2 Kxf4 50. Kc3 Kxe5 51. Kc4 Kd6 52. Kd3 Nb4+ 53. Kd4 0-1

[Event "Winter Malopolska Cup Master 2022"]
[Site "Krakow"]
[Date "2022.01.20"]
[Round "9.5"]
[White "Czaplak, Lukasz"]
[Black "Szopa, Emilia"]
[Result "1-0"]
[ECO "B13"]
[WhiteElo "1877"]
[BlackElo "1588"]
[Annotator "NA RC"]
[PlyCount "137"]
[EventDate "2022.01.15"]
[EventType "swiss"]
[EventCountry "POL"]
[SourceTitle "playchess.com"]
[Source "ChessBase"]
[SourceQuality "1"]
[TimeControl "5400+30"]

1. e4 c6 2. d4 d5 3. exd5 cxd5 4. Bf4 Nc6 5. c3 g6 6. Nf3 Bg7 7. Nbd2 Nf6 8. h3 a6 9. Ne5 Nd7 10. Nxd7 Bxd7 11. Qb3 Bc8 12. Be2 Na5 13. Qd1 Qb6 14. b4 Nc6 15. Nb3 O-O 16. O-O Nd8 17. Bf3 Ne6 18. Bd2 Rd8 (18... Qd6 $14) 19. Re1 Qc7 {[%emt 0:01:18] [#]} 20. g3 ({White should play} 20. a4 $1 $16) 20... h6 21. Qe2 (21. h4 $14 {is more appropriate.}) 21... Kh7 (21... b6 $14 {is superior.}) 22. h4 Ra7 23. h5 Bf6 ({Black should play} 23... b6) 24. hxg6+ ({Don't take} 24. Qe3 Ng5 $16) 24... fxg6 25. Bg4 ({But not} 25. Qe3 Ng5 $16) 25... Ng5 26. Bxg5 Bxg4 $2 (26... hxg5 $16 27. Bxc8 Qxc8) 27. Qxg4 Bxg5 28. Nc5 Qc8 29. Qf3 $2 (29. Ne6 b5 30. f4) 29... Qf5 30. Qxf5 gxf5 31. Ne6 Re8 32. Re5 Bd2 (32... b6 $142 33. Nxg5+ (33. Rxd5 Bd2 $18) (33. Rxf5 Bd2 $16) 33... hxg5 34. Rxf5 e6 35. Rxg5 Rg7) 33. Nc7 ({But not} 33. Rxd5 $6 Bxc3 34. Rb1 Kg6) 33... Bxc3 {[%emt 0:00:26] [#]} 34. Rc1 $2 ({Less strong is} 34. Nxe8 Bxa1 35. Rxe7+ Kg8 $16) (34. Rd1 $1 $18 Rd8 35. Nxd5) 34... Bxd4 35. Rxd5 Bb2 36. Re1 Rg8 37. Rxe7+ Rg7 38. Rxg7+ Bxg7 39. Rxf5 b5 40. Nd5 Rd7 (40... Bb2 $16 {is a better defense.}) 41. Nf6+ Bxf6 42. Rxf6 Ra7 43. Rb6 Kg7 44. Kg2 Kh7 45. Kh3 a5 {[%emt 0:01:20] [#]} 46. a3 $1 axb4 47. axb4 Rf7 48. f4 Rf5 49. Kg4 Rd5 50. Kh4 Rf5 51. Rb7+ Kg6 52. Rc7 h5 53. Rc6+ Kg7 54. Re6 Kf7 55. Re5 Rxe5 56. fxe5 Ke6 57. Kxh5 Kxe5 58. g4 Kd4 59. g5 Kc4 60. g6 Kxb4 61. g7 Ka3 62. g8=Q b4 63. Qa8+ Kb2 64. Qg2+ Ka1 65. Qf1+ Ka2 66. Qe2+ Ka3 67. Qd1 Kb2 68. Qd2+ Ka3 69. Qc2 1-0